 Dungeon Crawl Stone Soup version 0.26-a0-812-g31a745ddcd (webtiles) character file.

Game seed: 2070638768499408602

48 Arthanis the Skirmisher (level 3, -5/36 HPs)
             Began as a Gargoyle Berserker on Nov 24, 2020.
             Was a Follower of Trog.
             Slain by a worm (8 damage)
             ... on level 2 of the Dungeon.
             The game lasted 00:01:03 (862 turns).

Arthanis the Skirmisher (Gargoyle Berserker)         Turns: 862, Time: 00:01:04

Health: -5/36      AC:  5    Str: 20    XL:     3   Next: 72%
Magic:  3/3        EV: 12    Int:  8    God:    Trog [*.....]
Gold:   52         SH:  0    Dex:  9    Spells: 2/2 levels left

rFire    . . .     SeeInvis .   a - +0 hand axe
rCold    . . .     Faith    .   (no shield)
rNeg     + . .     Spirit   .   b - +0 animal skin
rPois    ∞         Reflect  .   (no helmet)
rElec    +         Harm     .   (no cloak)
rCorr    .         Rampage  .   (no gloves)
MR       .....                  (no boots)
Stlth    ..........             (no amulet)
HPRegen  0.12/turn              (no ring)
MPRegen  0.08/turn              (no ring)

@: berserking, very quick
A: negative energy resistance 1, electricity resistance, unbreathing,
petrification resistance, rot immunity, AC +3
a: Berserk, Renounce Religion


You were on level 2 of the Dungeon.
You worshipped Trog.
Trog was aware of your devotion.
You visited 1 branch of the dungeon, and saw 2 of its levels.

You collected 52 gold pieces.

Inventory:

Hand Weapons
 a - a +0 hand axe (weapon)
Armour
 b - a +0 animal skin (worn)
Scrolls
 e - a scroll of teleportation {unknown}
 f - a scroll of magic mapping {unknown}
Potions
 c - a potion of magic {unknown}
 d - a potion of cancellation {unknown}
 g - a potion of ambrosia {unknown}


   Skills:
 + Level 3.6 Fighting
 * Level 3.4 Axes
 + Level 2.7 Armour
 - Level 2.0 Dodging


You had 2 spell levels left.
You didn't know any spells.
Your spell library was empty.

Dungeon Overview and Level Annotations

Branches:
Dungeon (2/15)

Altars:


Innate Abilities, Weirdness & Mutations

You are resistant to torment.
Your stone body is resilient. (AC +3)
You are immune to poison.
You resist negative energy. (rN+)
You are resistant to electric shocks. (rElec)
You can survive without breathing.
You are immune to petrification.
You are immune to rotting.


Message History

You closely miss the goblin. You barely miss the kobold.
You hit the giant cockroach. The kobold hits you but does no damage.
The goblin hits you but does no damage.
You closely miss the goblin. You miss the kobold. You hit the giant cockroach.
You kill the giant cockroach!
Trog accepts your kill. The kobold hits you but does no damage.
The goblin closely misses you.
You slash the goblin!
You feel the power of Trog in you as your rage grows.
You kill the goblin!
Trog accepts your kill.
You hit the kobold.
You kill the kobold!
Trog accepts your kill.
You hit the worm.
The worm is moderately wounded.
You hit the worm.
The worm is heavily wounded.
The worm bites you!
You die...

..†....................
.<..#.#.#.#....#........
.#.##.#.#......####.#...
.†.)†...................
.#..........(((#w#..#..
.#.....................
.###..#................
......!........ww#..#.
.###....#......)@#..# ..
.......####..)......$
..........# #..........
.........# #..........
.. #.#.#..#... .......#
.. ≈≈.#.#..# .
≈≈≈≈......


You could see 3 worms.

Vanquished Creatures
  Terence (D:2)
  4 giant cockroaches
  3 goblins
  3 hobgoblins (D:1)
  2 bats (D:1)
  3 frilled lizards (D:1)
  3 kobolds
  4 rats
23 creatures vanquished.

Vanquished Creatures (others)
  A rat (D:2)
1 creature vanquished.

Grand Total: 24 creatures vanquished

Notes
Turn   | Place    | Note
-------+----------+-------------------------------------------
     0 | D:1      | Arthanis the Gargoyle Berserker began the quest for the
                  | Orb.
     0 | D:1      | Reached XP level 1. HP: 14/14 MP: 1/1
   211 | D:1      | Reached XP level 2. HP: 19/19 MP: 2/2
   789 | D:2      | Noticed Terence
   797 | D:2      | Killed Terence
   797 | D:2      | Reached XP level 3. HP: 24/24 MP: 3/3
   847 | D:2      | HP: 1/24 [worm (6)]
   862 | D:2      | Slain by a worm

Illustrated notes

Levels and vault maps discovered:
D:1:      tarquinn_simple_flora_water_f, layout_loops_ring, nrook_campfire
D:2:      layout_basic, lemuel_round_altar, kennysheep_minor_cross,
          chequers_serial_rivers_small_3, uniq_sigmund, uniq_terence

Skill      XL: |  1  2 |
---------------+-------+-----
Axes           | 3 |  3.4
Dodging        | 2 |  2.0
Fighting       | |  3.6
Armour         | |  2.7

Action                   || total
-------------------------++-------
Melee: Hand axe          ||    61
Invok: Berserk           ||     2
Armor: Animal skin       ||    28
Dodge: Dodged            ||    53

Table legend: (Time is in decaauts)
 A = Elapsed time spent in this place.
 B = Non-inter-level travel time spent in this place.
 C = Inter-level travel time spent in this place.
 D = Time resting spent in this place.
 E = Time spent auto-exploring this place.
 F = Levels seen in this place.
 G = Mean time per level.
                   A        B        C        D        E       F      G
               +--------+--------+--------+--------+--------+-----+--------+
         Total |    881 |    856 |     25 |      0 |    691 |   2 |  440.5 |
       Dungeon |    881 |    856 |     25 |      0 |    691 |   2 |  440.5 |
               +--------+--------+--------+--------+--------+-----+--------+

Top non-repeatable levels by time:
     D:1: 795 daAuts
     D:2: 86 daAuts
